 Dungeon Crawl Stone Soup version 0.22-a0-425-g89d60a1 (webtiles) character file.

56 emperorscorpion the Sneak (level 3, -3/19 HPs)
             Began as a Deep Elf Enchanter on May 25, 2018.
             Slain by Sigmund
             ... wielding a +4 scythe of freezing
              (12 damage)
             ... on level 2 of the Dungeon.
             The game lasted 00:04:23 (1750 turns).

emperorscorpion the Sneak (Deep Elf Enchanter)      Turns: 1750, Time: 00:04:24

Health: -3/19      AC:  2    Str:  2 (5)  XL:     3   Next: 71%
Magic:  7/9        EV: 13    Int: 19 (20) God:
Gold:   44         SH:  0    Dex: 13 (15) Spells: 5/8 levels left

rFire    . . .     SeeInvis .   a - +1 dagger
rCold    . . .     Gourm    .   (no shield)
rNeg     . . .     Faith    .   b - +0 robe
rPois    +         Spirit   .   (no helmet)
rElec    .         Reflect  .   (no cloak)
rCorr    .         Harm     .   (no gloves)
MR       .....                  (no boots)
Stlth    +++.......             l - amulet of magic regeneration
HPRegen  0.06/turn              j - ring of poison resistance
MPRegen  0.36/turn              (no ring)

@: no status effects
A: no striking features
a: no special abilities


You were on level 2 of the Dungeon.
You were not hungry.

You visited 1 branch of the dungeon, and saw 2 of its levels.

You collected 44 gold pieces.

Inventory:

Hand Weapons
 a - a +1 dagger (weapon)
 n - a +0 hunting sling
Missiles
 m - 5 javelins (quivered)
 p - 7 curare-tipped needles
Armour
 b - a +0 robe (worn)
Jewellery
 j - a ring of poison resistance (left hand)
 l - an amulet of magic regeneration (around neck)
Scrolls
 c - 2 scrolls of fog {unknown}
 h - a scroll of remove curse {unknown}
 k - a scroll of blinking {unknown}
 o - a scroll of amnesia {unknown}
 q - a scroll of enchant weapon {unknown}
Potions
 e - a potion of degeneration
 g - a potion of flight {unknown}
 i - 3 potions of curing {unknown}
Comestibles
 d - 2 rations
 f - 2 chunks of flesh


   Skills:
 + Level 0.2 Fighting
 + Level 1.0 Short Blades
 + Level 2.5 Dodging
 + Level 4.9 Stealth
 + Level 3.4 Spellcasting
 + Level 4.7 Hexes
 + Level 0.4 Ice Magic


You had 5 spell levels left.
You knew the following spells:

 Your Spells              Type           Power        Failure   Level  Hunger
a - Corona                Hex            ###....      1%          1    None
b - Ensorcelled Hibernat  Hex/Ice        ##....       8%          2    ##.....

Your spell library contained the following spells:

 Spells                   Type           Power        Failure   Level  Hunger
 Confuse                  Hex            ###.....     6%          3    ###....
 Tukima's Dance           Hex            ###.....     6%          3    ###....
 Dazzling Spray           Conj/Hex       ##....       16%         3    ###....


Dungeon Overview and Level Annotations

Branches:
Dungeon (2/15)

Altars:
Trog

Annotations:
D:2 Sigmund


Message History

Sigmund resists with significant effort.
Casting: Ensorcelled Hibernation (safe; 7% risk of failure)
Confirm with . or Enter, or press ? or * to list all spells.
Aiming: Ensorcelled Hibernation (safe; 7% risk of failure)
Press: ? - help, Shift-Dir - straight line, f/p - Sigmund
Aim: Sigmund, wielding a scythe of freezing, wearing a robe and wearing a thin bronze amulet (chance to defeat MR: 52%) Sigmund looks drowsy...
Some of the chunks of flesh in your inventory have rotted away.
The helpless Sigmund fails to defend himself.
You impale Sigmund!!
Sigmund is severely wounded.
Sigmund hits you with a scythe of freezing!
Sigmund freezes you.
You aren't carrying any items that you can evoke.
It was a potion of degeneration.
There was something very wrong with that liquid.
You feel weakened.
You feel dopey.
You feel clumsy.
Sigmund hits you with a scythe of freezing!
Ouch! That really hurt!
You die...

## ####.....#....# .#
#........#....#### .##
#.##.....#....'..#
(.###########.#...[..#....##.#
.....).........._.......(.>#.####
#.#####.####......#.####.#.#....#
#.# #.# #.....##.# #...####{# #..
#.# #........# ##### #.# ##.# #.#
#....@#### #.# .. #.# #####@# #.#
... #.# #........# #.# ... #.#
#........# #.. .... #........#
### #........# #........#
#........# #..@.....#


You could see Sigmund.

Vanquished Creatures
  An adder (D:2)
  A worm (D:2)
  2 leopard geckos (D:2)
  A ball python (D:1)
  3 giant cockroaches
  4 goblins
  2 hobgoblins (D:2)
  4 jackals (D:2)
  4 kobolds
  9 bats
  3 frilled lizards
  7 rats
41 creatures vanquished.

Notes
Turn   | Place    | Note
-------+----------+-------------------------------------------
     0 | D:1      | emperorscorpion the Deep Elf Enchanter began the quest for the Orb.
     0 | D:1      | Reached XP level 1. HP: 10/10 MP: 6/6
   399 | D:1      | Reached XP level 2. HP: 8/15 MP: 6/8
   631 | D:1      | Learned a level 2 spell: Ensorcelled Hibernation
  1079 | D:2      | Noticed Sigmund
  1320 | D:2      | Reached XP level 3. HP: 11/19 MP: 6/9
  1570 | D:2      | Found a bloodstained altar of Trog.
  1750 | D:2      | Slain by Sigmund

Vault maps used:
D:1:      tarquinn_simple_flora_water_a, serial_glass, glass_columns_a,
          glass_columns_b
D:2:      nicolae_overflow_crystal_walls, minmay_tetromino_l2, uniq_sigmund

Skill      XL: |  1 |
---------------+----+-----
Stealth        | 4 |  4.9
Fighting       | |  0.2
Short Blades   | |  1.0
Dodging        | |  2.5
Spellcasting   | |  3.4
Hexes          | |  4.7
Ice Magic      | |  0.4

Action                   || total
-------------------------++-------
Melee: Dagger            ||    88
 Cast: Corona            ||    10
       Ensorcelled Hiber ||    37
  Use: Potion            ||     1
 Stab: Sleeping          ||    26
  Eat: Chunk             ||     4
Armor: Robe              ||    25
Dodge: Dodged            ||    76

Table legend:
 A = Spawn XP
 B = Non-spawn XP
 C = Spawn XP percentage of total XP
 D = Spawn monster count
 E = Non-spawn monster count
 F = Spawn count percentage of total count
 G = Total turns spent on level
                    A         B        C        D         E        F      G
               +---------+---------+-------+---------+---------+-------+---------
         Total |       0 |      81 |   0.0 |       0 |      41 |   0.0 |  1750
               +---------+---------+-------+---------+---------+-------+---------
           D:1 |       0 |      29 |   0.0 |       0 |      19 |   0.0 |  1096
           D:2 |       0 |      52 |   0.0 |       0 |      22 |   0.0 |   654
               +---------+---------+-------+---------+---------+-------+---------
